Map: [ESL] Alcyone

Players

DKZDark (Dark)

  • Race: Zerg Zerg
  • League: Master
  • Spawn Location: 1:00

DKZherO (herO) - Winner!

  • Race: Protoss Protoss
  • League: Grandmaster
  • Spawn Location: 7:00

Event: IEM Katowice 2024

VOD

Have the link to the VOD?

Description

Time

  • Played on: Dec. 6, 2023, 5:27 a.m.
  • Length: 13:30

All games in this series

Show
View Real Time Build Order
Export as new Build Order

DKZDark Zerg 

Build Orders: Hatch First 

Get SALT Encoding   

  12  0:00  Drone  
  13  0:12  Overlord  
  13  0:17  Drone  
  14  0:30  Drone x2  
  16  0:49  Hatchery  
  15  0:55  Drone x2  
  17  0:59  Drone  
  18  1:10  Extractor  
  17  1:14  Spawning Pool  
  17  1:17  Drone  
  17  1:21  Drone  
  18  1:29  Drone  
  19  1:40  Drone  
  20  1:50  Hatchery  
  19  2:01  Queen  
  19  2:02  Zergling x2  
  23  2:08  Drone  
  23  2:09  Drone  
  23  2:14  Metabolic Boost  
  24  2:18  Zergling x2  
  25  2:30  Drone  
  25  2:31  Zergling x4  
  28  2:37  Overlord  
  28  2:43  Overlord  
  28  2:55  Zergling x8  
  32  3:09  Drone x3  
  32  3:10  Drone  
  36  3:17  Drone  
  34  3:26  Queen  
  35  3:28  Drone x4  
  39  3:42  Hatchery  
  39  3:46  Spore Crawler  
  39  3:47  Drone, Queen  
  39  3:48  Drone  
  41  3:53  Zergling x4  
  41  3:55  Drone  
  44  4:00  Overlord  
  44  4:06  Overlord  
  44  4:09  Overlord  
  45  4:12  Extractor  
  45  4:14  Roach Warren  
  43  4:18  Queen  
  43  4:20  Drone x3  
  48  4:25  Overlord  
  48  4:26  Drone  
  48  4:31  Drone x2  
  48  4:36  Extractor  
  48  4:37  Drone x4  
  53  4:47  Overlord  
  53  4:54  Roach x4  
  53  4:58  Roach  
  53  4:59  Zergling x4  
  65  5:06  Zergling x2  
  66  5:11  Zergling x4  
  68  5:17  Zergling x8  
  72  5:25  Zergling x10  
  76  5:34  Overlord  
  76  5:36  Ravager  
  76  5:37  Ravager x3  
  76  5:38  Ravager  
  81  5:44  Overlord  
  81  5:45  Overlord  
  81  5:53  Zergling x16  
  89  5:58  Zergling x2  
  89  6:02  Overlord x2  
  89  6:04  Zergling x6  
  93  6:06  Zergling x2  
  93  6:09  Zergling x2  
  82  6:26  Zergling x2  
  82  6:28  Zergling x14  
  87  6:36  Zergling x18  
  88  6:44  Zergling x8  
  85  6:51  Zergling x4  
  85  6:53  Zergling x2  
  82  6:55  Queen  
  82  6:57  Lair  
  77  7:06  Drone x3  
  77  7:08  Drone  
  77  7:11  Drone  
  77  7:14  Drone  
  76  7:19  Evolution Chamber  
  76  7:21  Roach x2  
  79  7:26  Drone  
  79  7:29  Queen  
  80  7:31  Drone  
  80  7:34  Drone  
  83  7:37  Drone  
  83  7:40  Drone  
  83  7:42  Drone  
  86  7:48  Queen  
  86  7:49  Zerg Melee Weapons Level 1  
  86  7:50  Roach  
  86  7:51  Roach  
  92  7:56  Drone  
  93  8:02  Drone  
  93  8:03  Drone x2  
  93  8:05  Roach x3  
  100  8:08  Roach x3  
  106  8:13  Ravager  
  106  8:14  Overseer  
  106  8:16  Roach x2  
  106  8:19  Glial Reconstitution, Roach  
  113  8:22  Ravager x3  
  113  8:25  Overlord x3  
  113  8:27  Overlord  
  113  8:31  Overlord  
  113  8:38  Overlord x2  
  113  8:45  Roach x3  
  113  8:46  Roach x5  
  119  8:51  Roach x2  
  119  8:55  Roach x2  
  120  8:56  Roach  
  114  9:06  Roach x4  
  114  9:08  Roach  
  107  9:13  Roach x2  
  96  9:19  Roach  
  96  9:22  Roach x2  
  95  9:26  Roach x2  
  95  9:28  Roach  
  95  9:30  Drone  
  88  9:34  Ravager x2  
  88  9:43  Zergling x10  
  90  9:47  Drone x2  
  90  9:48  Drone  
  90  9:50  Ravager x2  
  91  9:54  Zergling x4  
  84  10:06  Drone x4  
  81  10:14  Drone  
  77  10:23  Roach x4  
  77  10:26  Drone x2  
  76  10:32  Queen  
  78  10:37  Roach  
  78  10:40  Roach  
  82  10:43  Roach  
  84  10:53  Queen  
  84  10:54  Drone x3  
  79  11:05  Spire  
  79  11:07  Roach x2  
  79  11:08  Roach  
  84  11:17  Drone x3  
  81  11:20  Roach x2  
  81  11:24  Roach x2  
  89  11:27  Roach  
  95  11:32  Roach  
  95  11:33  Roach  
  95  11:38  Roach  
  97  11:42  Ravager  
  97  11:43  Ravager  
  97  11:44  Roach  
  97  11:46  Roach  
  97  11:47  Roach x3  
  99  11:55  Roach x2  
  99  11:59  Roach x2  
  98  12:07  Roach x2  
  89  12:11  Ravager  
  89  12:13  Roach x2  
  89  12:18  Roach x2  
  87  12:24  Zergling x6  
  71  12:30  Roach  
  60  12:37  Roach x2  
  60  12:42  Roach  
  55  12:50  Zergling x4  
  54  12:52  Zergling x2  
  54  12:54  Zergling x2  
  54  12:55  Zergling x2  
  46  13:05  Zergling x6  
Show
View Real Time Build Order
Export as new Build Order

DKZherO Protoss - Winner!

Build Orders:  

Get SALT Encoding   

  12  0:00  Probe  
  13  0:12  Probe  
  14  0:18  Pylon  
  14  0:24  Probe  
  15  0:36  Probe (Chrono Boost)  
  15  0:42  Gateway  
  16  0:45  Probe (Chrono Boost)  
  17  0:51  Assimilator, Probe  
  18  1:03  Probe  
  19  1:10  Forge  
  19  1:15  Probe  
  20  1:26  Pylon  
  20  1:27  Zealot (Chrono Boost)  
  22  1:38  Cybernetics Core  
  22  1:39  Probe  
  23  1:46  Photon Cannon  
  23  2:02  Photon Cannon  
  23  2:11  Adept (Chrono Boost)  
  23  2:15  Warp Gate  
  25  2:31  Nexus  
  25  2:34  Adept  
  27  2:38  Probe  
  27  2:39  Assimilator  
  28  2:44  Pylon  
  28  2:50  Probe  
  29  2:55  Pylon  
  29  3:02  Probe  
  30  3:12  Adept  
  31  3:15  Probe  
  31  3:16  Robotics Facility  
  30  3:26  Gateway  
  30  3:27  Probe  
  31  3:43  Probe x2  
  33  3:53  Pylon  
  33  3:55  Probe x2 (Chrono Boost)  
  35  4:03  Stalker  
  35  4:05  Observer (Chrono Boost), Probe x2 (Chrono Boost)  
  40  4:10  Probe x2 (Chrono Boost)  
  40  4:14  Robotics Bay  
  42  4:23  Warp Prism (Chrono Boost)  
  42  4:28  Adept  
  42  4:29  Probe  
  42  4:30  Probe  
  48  4:35  Adept  
  50  4:39  Pylon  
  50  4:41  Probe  
  50  4:42  Probe  
  50  4:45  Pylon  
  52  4:54  Probe  
  52  4:55  Probe  
  52  4:59  Observer, Disruptor (Chrono Boost)  
  54  5:01  Assimilator  
  54  5:03  Gravitic Drive, Assimilator  
  54  5:07  Probe  
  59  5:10  Probe  
  60  5:17  Protoss Ground Weapons Level 1  
  60  5:18  Pylon  
  60  5:24  Probe  
  60  5:25  Probe  
  62  5:30  Shield Battery  
  62  5:32  Immortal (Chrono Boost)  
  66  5:41  Gateway  
  66  5:42  Probe  
  67  5:44  Stalker  
  67  5:46  Stalker  
  71  5:56  Pylon  
  71  5:59  Twilight Council  
  71  6:02  Gateway, Probe  
  72  6:11  Immortal (Chrono Boost)  
  76  6:14  Sentry  
  72  6:28  Stalker  
  72  6:30  Probe  
  72  6:31  Probe  
  71  6:36  Stalker  
  65  6:41  Stalker  
  65  6:43  Probe x2  
  46  6:56  Stalker  
  46  7:00  Stalker x2  
  52  7:01  Disruptor (Chrono Boost)  
  52  7:03  Probe x2  
  52  7:07  Zealot  
  58  7:12  Charge (Chrono Boost)  
  58  7:15  Probe  
  60  7:18  Gateway  
  60  7:29  Gateway  
  59  7:30  Gateway  
  59  7:37  Sentry, Zealot  
  59  7:38  Shield Battery  
  59  7:41  Zealot  
  59  7:43  Zealot  
  67  7:50  Probe  
  68  7:55  Pylon  
  68  7:56  Pylon  
  68  8:06  Zealot x4  
  68  8:10  Pylon  
  76  8:14  Observer  
  77  8:30  Zealot x6  
  89  8:37  Sentry  
  91  8:51  Sentry x2  
  91  8:52  Zealot  
  95  8:56  Zealot x3  
  95  9:06  Zealot  
  85  9:17  Zealot x5  
  83  9:26  Disruptor (Chrono Boost)  
  71  9:35  Probe x2  
  71  9:37  Zealot x4  
  73  9:47  Zealot x2  
  67  9:55  Disruptor  
  69  10:00  Zealot x2  
  69  10:01  Zealot  
  73  10:08  Zealot x2  
  73  10:25  Zealot  
  73  10:26  Zealot x3  
  71  10:29  Zealot  
  71  10:31  Sentry  
  79  10:46  Sentry  
  79  10:47  Zealot x2  
  85  10:57  Pylon  
  85  10:58  Disruptor (Chrono Boost)  
  85  10:59  Observer  
  85  11:03  Zealot x3  
  91  11:26  Gateway  
  91  11:28  Sentry x2, Pylon  
  91  11:29  Zealot x3  
  91  11:31  Zealot  
  99  11:55  Zealot x5  
  79  12:16  Sentry x2  
  79  12:17  Zealot x4  
  85  12:26  Disruptor (Chrono Boost)  
  83  12:43  Zealot x4  
  83  12:45  Sentry x2  
  77  13:03  Stalker x3  
  75  13:10  Sentry x3  
  75  13:28  Stalker x2  

Tags
 
Add a new tag
Caveats
  • Supply blocks, unpowered buildings, or Contaminate may cause inaccurate times.
  • Supply counts are checked every 10 seconds.